 Dungeon Crawl Stone Soup version 0.31-a0-1074-g0b22e4e0f1 (webtiles) character file.

Game seed: 4094148418042427803

88250 tbh1313 the Severer (level 15, 0/144 HPs)
             Began as a Minotaur Berserker on Nov 29, 2023.
             Was a High Priest of Trog.
             Succumbed to Nessos's poison
             ... on level 13 of the Dungeon.
             The game lasted 00:50:03 (23459 turns).

tbh1313 the Severer (Minotaur Berserker)           Turns: 23459, Time: 00:50:04

Health: 0/144      AC: 17    Str: 31    XL:     15   Next: 46%
Magic:  14/14      EV: 17    Int:  8    God:    Trog [*****.]
Gold:   1488       SH:  0    Dex: 12    Spells: 14/14 levels left

rFire   + + +        R - +6 battleaxe "Monanot" {flame, rF++ Str+2}
rCold   . . .        (shield currently unavailable)
rNeg    . . .        n - +3 ring mail of Untruth {rElec rF+}
rPois   .            S - +1 hat
rElec   +            v - +0 cloak
rCorr   .            t - +0 pair of gloves
SInv    .            p - +0 pair of boots
Will    +....        I - amulet of the acrobat
Stlth   +            T - +6 ring of strength
HPRegen 0.44/turn    N - +4 ring of protection
MPRegen 0.14/turn

%: acrobat
@: lethally poisoned (0 -> -22), corroded, on berserk cooldown, slowed, very
slow
A: horns 2, retaliatory headbutt
a: Renounce Religion, Berserk, Trog's Hand, Brothers in Arms


You were on level 13 of the Dungeon.
You worshipped Trog.
Trog was extremely pleased with you.
You visited 3 branches of the dungeon, and saw 20 of its levels.
You also visited: Sewer, Bailey and Ice Cave.

You collected 1509 gold pieces.
You spent 21 gold pieces at shops.

Inventory:

Hand Weapons
 d - a +4 executioner's axe of flaming
 H - the +6 battleaxe "Miugoo Xuice" {antimagic, rN+ SInv Stlth+}
   (Trog gifted it to you on level 2 of the Lair of Beasts)

   rN+:       It protects you from negative energy.
   SInv:      It lets you see invisible.
   Stlth+:    It makes you more stealthy.
 K - a +0 arbalest of freezing
 R - the +6 battleaxe "Monanot" (weapon) {flame, rF++ Str+2}
   (Trog gifted it to you on level 10 of the Dungeon)

   Str+2:     It affects your strength (+2).
   rF++:      It greatly protects you from fire.
 X - a +3 antimagic executioner's axe
Missiles
 y - 4 throwing nets
Armour
 n - the +3 ring mail of Untruth (worn) {rElec rF+}
   (You found it in a sewer)

   rF+:       It protects you from fire.
   rElec:     It insulates you from electricity.
 p - a +0 pair of boots (worn)
 t - a +0 pair of gloves (worn)
 v - a +0 cloak (worn)
 S - a +1 hat (worn)
Jewellery
 g - a ring of positive energy
 A - a ring of resist corrosion
 E - a ring of ice
 I - an amulet of the acrobat (around neck)
 N - a +4 ring of protection (right hand)
 T - a +6 ring of strength (left hand)
 U - a +4 ring of slaying
Wands
 a - a wand of flame (14)
 q - a wand of polymorph (5)
 w - a wand of digging (8)
 x - a wand of roots (12)
 G - a wand of charming (13)
 L - a wand of acid (2)
Scrolls
 e - a scroll of revelation
 h - 3 scrolls of enchant weapon
 i - 8 scrolls of identify
 m - 2 scrolls of fear
 s - 5 scrolls of fog
 u - 2 scrolls of blinking
 z - 2 scrolls of immolation
 C - 5 scrolls of vulnerability
 D - a scroll of noise
 F - 4 scrolls of enchant armour
 M - 5 scrolls of teleportation
 P - a scroll of poison
Potions
 b - a potion of enlightenment
 c - 14 potions of curing
 f - 2 potions of cancellation
 k - 7 potions of haste
 o - 2 potions of might
 r - 5 potions of attraction
 B - a potion of heal wounds
 J - 9 potions of ambrosia
 O - a potion of magic {unknown}
 Q - 3 potions of resistance
 W - a potion of degeneration {unknown}
 Y - a potion of berserk rage {unknown}
 Z - 2 potions of lignification
Miscellaneous
 j - a lightning rod (4/4)
 l - a condenser vane
 V - a phantom mirror


   Skills:
 + Level 16.0 Fighting
 - Level 20.0 Axes
 - Level 15.0 Armour
 - Level 15.0 Dodging


You had 14 spell levels left.
You didn't know any spells.
Your spell library contained the following spells:

 Spells                   Type           Power      Damage    Failure   Level
 Apportation              Tloc           0%         N/A       50%         1
 Sting                    Tmut/Pois      0%         1d3       50%         1
 Blink                    Tloc           0%         N/A       63%         2
 Ensorcelled Hibernation  Hex/Ice        0%         N/A       63%         2
 Jinxbite                 Hex            0%         N/A       63%         2
 Passwall                 Tmut/Erth      0%         N/A       63%         2
 Poisonous Vapours        Pois/Air       0%         N/A       63%         2
 Ozocubu's Armour         Ice            0%         N/A       86%         3
 Swiftness                Air            0%         N/A       86%         3
 Volatile Blastmotes      Fire/Tloc      0%         2d10      86%         3
 Fulminant Prism          Conj/Hex       0%         3d5       99%         4
 Iskenderun's Mystic Bla  Conj/Tloc      0%         2d3       99%         4
 Manifold Assault         Tloc           0%         N/A       99%         4
 Olgreb's Toxic Radiance  Pois           0%         N/A       99%         4
 Summon Ice Beast         Ice/Summ       0%         N/A       99%         4
 Alistair's Intoxication  Tmut/Pois      0%         N/A       100%        5
 Summon Mana Viper        Hex/Summ       0%         N/A       100%        5
 Monstrous Menagerie      Summ           0%         N/A       100%        7


Dungeon Overview and Level Annotations

Branches:
Dungeon (14/15) Temple (0/1) D:7 Lair (5/5) D:8 Swamp (0/4) Lair:2 Snake (1/4) Lair:2 Slime (0/5) Lair:4 Orc (0/2) D:11 Vaults (0/5) D:13 D:14 Sewer (visited) Bailey (visited) IceCv (visited)

Altars:
Fedhas
Makhleb
Qazlal
Trog
Vehumet
Xom

Shops:
Snake:1 *

Portals:
Trove: D:11 (give +6 ice dragon scales)

Annotations:
D:14 Nessos


Innate Abilities, Weirdness & Mutations

You have a pair of horns on your head.
You reflexively headbutt those who attack you in melee.


Message History

You are exhausted.
You feel yourself slow down.
You feel very sick. The kobold barely misses you.
There is a stone staircase leading up, spattered with blood here.
You slice the kobold!! You burn the kobold.
You kill the kobold!
Trog accepts your kill.
You feel very sick.
Nessos shoots an arrow.
The arrow hits you.
You are more poisoned.
Nessos shoots an arrow.
The arrow hits you but does no damage.
Nessos shoots an arrow.
The arrow hits you!
You feel extremely sick.
Nessos unwields a +2 longbow of flaming.
It stops flaming.
Nessos completely misses you. You furiously retaliate!
You headbutt Nessos. Nessos closely misses you. Nessos misses you.
Nessos completely misses you.
There is a gate to the Vaults, spattered with blood here.
You see here a +4 scimitar of flaming.
You slice Nessos!! You burn Nessos.
Nessos is severely wounded.
You feel very sick. Nessos hits you but does no damage.
Nessos kicks you but does no damage.
Nessos casts a spell.
Nessos blinks!
You feel very sick.
Nessos gestures wildly while chanting.
Nessos blinks!
Nessos gestures wildly while chanting.
Nessos blinks!
Nessos wields a +2 longbow of flaming.
It bursts into flame!
Nessos shoots an arrow.
The arrow completely misses you.
There is a stone staircase leading up, spattered with blood here.
You feel very sick.
Nessos shoots an arrow.
The arrow closely misses you.
Nessos shoots an arrow.
The arrow hits you!!
* * * LOW HITPOINT WARNING * * *
You are lethally poisoned!
You climb upwards.
You die...

.#.##.# ###'######## ##.....
......# #..# ##.....# ....###
#.## #....### #'####### ##.#
#######. ........### #).# #####'
........'.####'######## #.....
........#...#.........# ####.....
........###.+..[÷.....###..'.....
........# ###..>@÷....##..##.....
...)....# #..).÷....'..###.....
........# #..).....>#### #####'
###'##### ######'#### #. #..##
#.#### ## ##..# #....#
#####'##### #########'##### ####
........).# #.............####...
..........# #..........#.....#...


There were no monsters in sight!

Levels and vault maps discovered:
D:1:      minmay_arrival_checkered_box, layout_basic
D:2:      layout_loops_cross, uniq_terence
D:3:      layout_basic, portal_sewer_entry_d, hex_intersection,
          corexii_corridor_pit, moated_statue, supply_closet_lemuel,
          minmay_checkerbox
D:4:      layout_basic, grunt_temple_overflow_champion_of_chaos, serial_glass,
          glass_columns_a, glass_columns_b, minmay_strange_pillars,
          feat_on_display, feat_on_display, uniq_robin
D:5:      layout_basic
D:6:      nicolae_cairo_tiling_large, layout_basic, fedhas_altar_decomposition,
          vehumet_altar_wand_db, gammafunk_ghost_cemetery
D:7:      layout_basic, minmay_temple_entry_wispy
D:8:      layout_loops_corners, mainiacjoe_overflow_concentric_impassable,
          lair_entry_dummy, enter_bailey_3, uniq_grum
D:9:      layout_basic, lightli_temple_of_fire, serial_rivers,
          chequers_serial_rivers_small_a, chequers_serial_rivers_small_b,
          chequers_serial_rivers_large_a, chequers_serial_rivers_micro_e,
          chequers_serial_rivers_large_b, uniq_erica
D:10:     layout_layer_cave, reono_crystal_passage
D:11:     layout_loops_ring, erik_orc_2, nicolae_trove_entry_columns,
          nicolae_concentric_dashed_squares_mild
D:12:     layout_cave_pods
D:13:     layout_roguey [special_room_orc], serial_ice, serial_ice_f,
          serial_ice_n, serial_ice_o, serial_ice_i, portal_ice_cave_entry_imps,
          chequers_serial_rivers_small_a, hangedman_decor_points
D:14:     layout_rooms, david_vaults_3, gauntlet_entry_generic, serial_curves,
          eino_curves_02, eino_curves_03, uniq_nessos
Lair:1:   layout_chaotic_city, worms_lemuel
Lair:2:   layout_roguey [special_room_bee], minmay_swamp_entry_worms,
          dummy_snake_entry, uniq_harold
Lair:3:   layout_cave_pods, grunt_megastairs_2, uniq_josephine, uniq_gastronok
Lair:4:   cheibrodos_lair_river_kwai, layout_gridlike, slime_entry_1,
          nicolae_lair_lakeside_cave, serial_bayou_shore_b
Lair:5:   cheibrodos_lair_end_hotspot, layout_gridlike
Snake:1:  layout_chambers, nicolae_shop_clearance, uniq_aizul

Notes
Turn   | Place    | Note
-------+----------+-------------------------------------------
     0 | D:1      | tbh1313 the Minotaur Berserker began the quest for the Orb.
     0 | D:1      | Reached XP level 1. HP: 19/19 MP: 0/0
   445 | D:1      | Reached skill level 4 in Axes
   494 | D:1      | Reached XP level 2. HP: 25/27 MP: 1/1
   822 | D:2      | Noticed Terence
   830 | D:2      | Killed Terence
   831 | D:2      | Reached XP level 3. HP: 33/33 MP: 2/2
  1049 | D:2      | Reached skill level 5 in Axes
  1074 | D:2      | Reached XP level 4. HP: 41/41 MP: 3/3
  1436 | D:3      | Reached ** piety under Trog
  1664 | D:3      | Reached XP level 5. HP: 47/47 MP: 4/4
  1828 | D:3      | Found a glowing drain.
  1837 | Sewer    | Entered a sewer
  1891 | Sewer    | Noticed Pargi
  1901 | Sewer    | Killed Pargi
  1902 | Sewer    | Reached skill level 5 in Fighting
  1902 | Sewer    | Reached skill level 6 in Axes
  1910 | Sewer    | Identified the +3 ring mail of Untruth {rElec rF+}
  2742 | D:4      | Noticed Robin
  2748 | D:4      | Reached XP level 6. HP: 56/56 MP: 5/5
  2758 | D:4      | Killed Robin
  2933 | D:4      | Identified the +3 robe of Etaxt {Contam rElec Stlth+}
  2968 | D:4      | You fall into a shaft and drop 2 floors!
  3167 | D:5      | Entered Level 5 of the Dungeon
  3209 | D:5      | Reached skill level 7 in Axes
  3221 | D:4      | Found a shimmering altar of Xom.
  3221 | D:4      | Found a burning altar of Makhleb.
  3312 | D:4      | Reached skill level 5 in Armour
  3313 | D:4      | Reached XP level 7. HP: 61/61 MP: 6/6
  3317 | D:4      | Reached skill level 8 in Axes
  3661 | D:5      | HP: 6/61 [poisoned by a water moccasin]
  3890 | D:5      | Reached skill level 9 in Axes
  3900 | D:5      | Reached skill level 10 in Axes
  4087 | D:5      | Reached XP level 8. HP: 68/68 MP: 7/7
  4473 | D:6      | Found a radiant altar of Vehumet.
  4480 | D:6      | Reached *** piety under Trog
  4491 | D:6      | Reached skill level 11 in Axes
  4712 | D:6      | Found a blossoming altar of Fedhas.
  5014 | D:6      | Found a runed translucent gate.
  5015 | D:6      | Found a runed translucent gate.
  5015 | D:6      | Found a runed translucent gate.
  5016 | D:6      | Noticed wildpjah's ghost (novice TeBe)
  5016 | D:6      | Noticed pigah's ghost (novice OpSh)
  5016 | D:6      | Noticed Iich's ghost (novice TrSh)
  5103 | D:6      | Reached skill level 12 in Axes
  5189 | D:6      | Reached skill level 5 in Dodging
  5203 | D:6      | Reached XP level 9. HP: 57/74 MP: 8/8
  5600 | D:7      | Found a staircase to the Ecumenical Temple.
  5617 | D:7      | Reached skill level 13 in Axes
  5618 | D:7      | Reached **** piety under Trog
  5992 | D:7      | Reached skill level 14 in Axes
  6661 | D:8      | Found a staircase to the Lair.
  6797 | D:8      | Found a flagged portal.
  6809 | Bailey   | Entered a bailey
  7154 | Bailey   | Reached XP level 10. HP: 90/90 MP: 9/9
  7455 | Bailey   | Noticed an orc knight
  7467 | Bailey   | Killed an orc knight
  7468 | Bailey   | Reached skill level 10 in Fighting
  7504 | Bailey   | Identified the +3 arbalest "Tormentor" {heavy, SInv}
  7526 | Bailey   | Reached skill level 17 in Axes
  7526 | Bailey   | Reached XP level 11. HP: 99/99 MP: 10/10
  7688 | D:8      | Reached ***** piety under Trog
  7789 | D:8      | Noticed Grum
  7801 | D:8      | Killed Grum
  7951 | D:8      | Found a stormy altar of Qazlal.
  8274 | D:9      | Reached skill level 18 in Axes
  8575 | D:9      | Found a bloodstained altar of Trog.
  9004 | D:9      | Noticed Erica
  9013 | D:9      | Killed Erica
  9323 | D:10     | Entered Level 10 of the Dungeon
  9707 | D:10     | Identified the +6 battleaxe "Monanot" {flame, rF++ Str+2}
                  | (Trog gifted it to you on level 10 of the Dungeon)
  9707 | D:10     | Received a gift from Trog
 10100 | D:10     | Reached XP level 12. HP: 98/106 MP: 11/11
 11281 | D:11     | Found a staircase to the Orcish Mines.
 11892 | D:11     | Found a portal to a secret trove of treasure.
 12449 | D:12     | Reached skill level 19 in Axes
 12823 | D:12     | Noticed a boulder beetle
 12846 | D:12     | Killed a boulder beetle
 12976 | D:12     | Reached skill level 20 in Axes
 13503 | D:13     | Noticed a centaur warrior
 13532 | D:13     | HP: 8/106 [centaur warrior/arrow (8)]
 13543 | D:13     | Killed a centaur warrior
 13642 | D:13     | Found a frozen archway.
 13693 | IceCv    | Entered an ice cave
 13826 | IceCv    | Found a transporter.
 13841 | IceCv    | Found a transporter.
 13867 | IceCv    | Reached skill level 10 in Armour
 13871 | IceCv    | Got the Papyrus of Refrigeration
 13977 | D:13     | Noticed a five-headed hydra
 13985 | D:13     | Killed a two-headed hydra
 14028 | D:13     | Noticed a death yak
 14032 | D:13     | Reached skill level 10 in Dodging
 14041 | D:13     | Killed a death yak
 14051 | D:13     | Reached XP level 13. HP: 95/114 MP: 12/12
 14070 | D:13     | Identified the +3 leather armour "Safyz" {Fly rF+ rCorr
                  | Int+3}
 15540 | Lair:1   | Entered Level 1 of the Lair of Beasts
 15910 | Lair:1   | Received a gift from Trog
 16762 | Lair:2   | Noticed Harold
 16769 | Lair:2   | Killed Harold
 17015 | Lair:2   | Found a staircase to the Swamp.
 17251 | Lair:2   | Found a staircase to the Snake Pit.
 17254 | Lair:2   | Identified the +6 battleaxe "Miugoo Xuice" {antimagic, rN+
                  | SInv Stlth+} (Trog gifted it to you on level 2 of the Lair
                  | of Beasts)
 17254 | Lair:2   | Received a gift from Trog
 17519 | Snake:1  | Entered Level 1 of the Snake Pit
 17882 | Snake:1  | Reached XP level 14. HP: 126/126 MP: 13/13
 18296 | Snake:1  | Identified the serpent talisman "Ivaoph" {rF+ Slay+4}
 18296 | Snake:1  | Noticed Aizul
 18308 | Snake:1  | Killed Aizul
 18469 | Snake:1  | Found Ucwaidgh's CLEARANCE SALE!.
 18474 | Snake:1  | Bought a scroll of teleportation for 21 gold pieces
 19074 | Lair:3   | Noticed Gastronok
 19095 | Lair:3   | Killed Gastronok
 19246 | Lair:3   | Noticed Josephine
 19251 | Lair:3   | Killed Josephine
 20368 | Lair:4   | Received a gift from Trog
 20673 | Lair:4   | Identified the +3 quarterstaff of Balance {holy, *Slow
                  | rN+++}
 20711 | Lair:4   | Identified the staff of Karma {rF- Dex+3 Conj Tmut}
 20928 | Lair:4   | Found a staircase to the Slime Pits.
 21056 | Lair:4   | Reached skill level 15 in Armour
 21333 | Lair:5   | Entered Level 5 of the Lair of Beasts
 21413 | Lair:5   | Reached skill level 15 in Dodging
 21560 | Lair:5   | Received a gift from Trog
 21624 | Lair:5   | Reached XP level 15. HP: 110/135 MP: 14/14
 21704 | Lair:5   | Found a large runed translucent door.
 21705 | Lair:5   | Found a large runed translucent door.
 22986 | D:6      | Killed Iich's ghost
 22989 | D:6      | Killed pigah's ghost
 22990 | D:6      | Killed wildpjah's ghost
 23176 | D:14     | Noticed Rupert
 23176 | D:14     | Found a gate to the Vaults.
 23179 | D:14     | Noticed Nessos
 23185 | D:14     | Killed Rupert
 23186 | D:14     | Reached skill level 15 in Fighting
 23458 | D:14     | HP: 10/144 [Nessos/arrow (24)]
 23459 | D:13     | Succumbed to Nessos's poison

Table legend: (Time is in decaauts)
 A = Elapsed time spent in this place.
 B = Non-inter-level travel time spent in this place.
 C = Inter-level travel time spent in this place.
 D = Time resting spent in this place.
 E = Time spent auto-exploring this place.
 F = Levels seen in this place.
 G = Mean time per level.
                   A        B        C        D        E       F      G
               +--------+--------+--------+--------+--------+-----+--------+
         Total |  23534 |  22335 |   1199 |   4858 |  14044 |  23 | 1023.2 |
       Dungeon |  15239 |  14369 |    870 |   3362 |   8808 |  14 | 1088.5 |
          Lair |   5687 |   5364 |    323 |    615 |   3941 |   5 | 1137.4 |
     Snake Pit |   1455 |   1450 |      5 |    273 |   1093 |   1 | 1455.0 |
         Sewer |    175 |    175 |      0 |      2 |     75 |   1 |  175.0 |
        Bailey |    707 |    707 |      0 |    417 |    126 |   1 |  707.0 |
      Ice Cave |    267 |    267 |      0 |    187 |      0 |   1 |  267.0 |
               +--------+--------+--------+--------+--------+-----+--------+

Top non-repeatable levels by time:
    D:13: 1960 daAuts
    D:11: 1539 daAuts
 Snake:1: 1455 daAuts
     D:9: 1432 daAuts
     D:6: 1419 daAuts
    D:10: 1367 daAuts
  Lair:5: 1325 daAuts
    D:12: 1308 daAuts
  Lair:4: 1277 daAuts
     D:3: 1184 daAuts
  Lair:2: 1106 daAuts
  Lair:3: 1077 daAuts
     D:8: 1055 daAuts
     D:5: 940 daAuts
     D:7: 917 daAuts

Table legend:
 A = Kills in this place as a percentage of kills in the entire game.
 B = Kills by you in this place as a percentage of kills by you in the entire game.
 C = Kills by friends in this place as a percentage of kills by friends in the entire game.
 D = Other kills in this place as a percentage of other kills in the entire game.
 E = Experience gained in this place as a percentage of experience gained in the entire game.
 F = Experience gained in this place divided by the number of levels of this place that you have seen.
                   A       B       C       D       E      F
               +-------+-------+-------+-------+-------+----------------------
         Total | 100.0 | 100.0 | 100.0 | 100.0 | 100.0 | 5197.7
       Dungeon |  63.5 |  63.4 | 100.0 |  50.0 |  44.0 | 3760.9
          Lair |  30.2 |  30.4 |   0.0 |   0.0 |  48.5 | 11589.6
     Snake Pit |   1.3 |   1.3 |   0.0 |   0.0 |   4.5 | 5342.0
         Sewer |   0.7 |   0.7 |   0.0 |   0.0 |   0.1 | 142.0
        Bailey |   3.1 |   3.2 |   0.0 |   0.0 |   1.2 | 1379.0
      Ice Cave |   1.1 |   1.0 |   0.0 |  50.0 |   1.7 | 2084.0
               +-------+-------+-------+-------+-------+----------------------

Action                     |  1- 3 |  4- 6 |  7- 9 | 10-12 | 13-15 || total
---------------------------+-------+-------+-------+-------+-------++-------
  Melee: Hand axe          |     7 |       |   298 |    53 |       ||   358
         War axe           |    54 |   127 |    48 |   135 |       ||   364
         Headbutt          |     7 |    19 |    65 |    84 |   149 ||   324
         Punch             |       |       |     4 |     2 |       ||     6
         Battleaxe         |       |       |       |   199 |   639 ||   838
 Invoke: Berserk           |     1 |     5 |    10 |    10 |    10 ||    36
         Trog's Hand       |       |       |     1 |     2 |     2 ||     5
         Brothers in Arms  |       |       |       |       |     1 ||     1
    Use: Scroll            |     6 |     5 |     6 |     7 |     3 ||    27
         Potion            |       |     1 |       |     3 |       ||     4
 Armour: Plate armour      |    52 |   108 |       |       |       ||   160
         Animal skin       |     6 |       |       |       |       ||     6
         Ring mail         |       |    35 |   222 |   262 |   425 ||   944
  Dodge: Dodged            |    27 |    60 |   195 |   215 |   472 ||   969

Vanquished Creatures
  Rupert (D:14)
  Gastronok (Lair:3)
  Aizul (Snake:1)
  A dire elephant (Lair:4)
  A fire dragon (Lair:5)
  Josephine (Lair:3)
  7 hydras
  Harold (Lair:2)
  2 catoblepae
  A two-headed ogre (D:13)
  2 centaur warriors (D:13)
  3 boulder beetles
  Erica (D:9)
  7 death yaks
  A shock serpent (Snake:1)
  The ghost of Iich the Ruffian, a novice TrSh (D:6)
  2 fire crabs (Lair:4)
  5 skeletal warriors (D:13)
  A skyshark (Lair:3)
  The ghost of pigah the Mimic, a novice OpSh of Gozag (D:6)
  A lindwurm (Lair:5)
  2 mana vipers (Snake:1)
  A deep elf pyromancer (D:12)
  5 ugly things
  A salamander (Snake:1)
  3 orc knights
  A manticore (D:13)
  4 cyclopes
  The ghost of wildpjah the Cutter, a novice TeBe of Trog (D:6)
  9 black mambas
  3 naga magi (Snake:1)
  6 elephants
  2 ice statues (IceCv)
  3 molten gargoyles
  5 gargoyles
  A torpor snail (Lair:4)
  9 cane toads
  2 efreet
  5 kobold demonologists
  3 rime drakes
  13 komodo dragons
  A queen bee (Lair:2)
  A meliai (shapeshifter) (D:13)
  6 polar bears
  3 hornets
  A tyrant leech (Lair:2)
  3 trolls
  6 dream sheep (Lair:5)
  A centaur simulacrum (D:13)
  2 shadows
  10 slime creatures
  6 wraiths
  A water elemental (D:11)
  38 yaks
  7 wyverns
  9 basilisks
  15 humans
  3 steam dragons
  5 vampire mosquitoes
  Grum (D:8)
  A death yak simulacrum (IceCv)
  5 swamp worms
  A naga (Snake:1)
  An acid dragon (D:13)
  19 water moccasins
  5 hell hounds (Lair:5)
  Pargi (Sewer)
  20 orc warriors
  2 ice beasts (D:13)
  5 black bears
  An ogre (D:13)
  3 sky beasts
  16 wolves
  10 centaurs
  5 kobold brigands
  A gnoll sergeant (D:5)
  14 bullfrogs
  A necrophage (D:6)
  A wyvern zombie (D:6)
  A scorpion (D:6)
  15 wights
  34 killer bees
  An elephant simulacrum (IceCv)
  6 electric eels
  A howler monkey (D:6)
  A crimson imp (D:4)
  A centaur zombie (D:6)
  5 lava snakes (Lair:5)
  11 orc priests
  5 hounds
  2 bullfrog zombies (D:6)
  2 gnoll boudas
  2 jellies
  An iguana (D:7)
  13 orc wizards
  Terence (D:2)
  2 sleepcaps
  5 hell rats (Lair:4)
  A polar bear simulacrum (IceCv)
  A wolf simulacrum (IceCv)
  Robin (D:4)
  11 gnolls
  9 adders
  23 white imps
  5 ufetubi
  2 worms
  4 dart slugs
  86 orcs
  4 endoplasms
  4 giant cockroaches
  2 hobgoblins
  8 jackals
  28 kobolds
  4 quokkas
  7 ball pythons
  4 bats
  A frilled lizard (D:2)
  24 goblins
  4 rats
694 creatures vanquished.

Vanquished Creatures (collateral kills)
  2 ugly things (D:14)
  A human (D:14)
3 creatures vanquished.

Vanquished Creatures (others)
  An ugly thing (IceCv)
  A phantom (D:5)
2 creatures vanquished.

Grand Total: 699 creatures vanquished
